 Dungeon Crawl Stone Soup version 0.31-a0-210-gccc998df9b (webtiles) character file.

Game seed: 4378887746466156726

694 lolicon the Cleaver (level 7, -4/57 HPs)
             Began as a Minotaur Monk on June 29, 2023.
             Was a Believer of Okawaru.
             Slain by an ogre
             ... wielding a +0 giant club
              (20 damage)
             ... on level 5 of the Dungeon.
             The game lasted 00:05:54 (3348 turns).

lolicon the Cleaver (Minotaur Monk)                 Turns: 3348, Time: 00:05:54

Health: -4/57      AC:  7    Str: 16    XL:     7   Next: 37%
Magic:  6/6        EV: 12    Int:  7    God:    Okawaru [**....]
Gold:   315        SH:  0    Dex: 14    Spells: 6/6 levels left

rFire   . . .        v - +0 war axe
rCold   + . .        d - orb {light}
rNeg    . . .        f - +3 leather armour {rC+}
rPois   .            (helmet restricted)
rElec   .            (no cloak)
rCorr   .            (no gloves)
SInv    .            w - +0 pair of boots
Will    .....        (no amulet)
Stlth   +            (no ring)
HPRegen 0.29/turn    (no ring)
MPRegen 0.10/turn

%: no passive effects
@: glowing
A: horns 2, retaliatory headbutt
a: Renounce Religion, Heroism


You were on level 5 of the Dungeon.
You worshipped Okawaru.
Okawaru was pleased with you.
You visited 2 branches of the dungeon, and saw 7 of its levels.

You collected 315 gold pieces.

Inventory:

Hand Weapons
 a - a +0 hand axe
 v - a +0 war axe (weapon)
Armour
 d - an orb of light (worn)
 f - a +3 leather armour of cold resistance (worn)
 w - a +0 pair of boots (worn)
Scrolls
 b - a scroll of enchant armour {unknown}
 e - a scroll of vulnerability {unknown}
 g - a scroll of revelation {unknown}
 i - 6 scrolls of identify {unknown}
 k - 3 scrolls of blinking {unknown}
 m - 2 scrolls of immolation {unknown}
 n - a scroll of fear {unknown}
 o - a scroll of amnesia {unknown}
 q - a scroll of noise {unknown}
Potions
 c - 2 potions of ambrosia
 h - 3 potions of curing {unknown}
 j - 3 potions of degeneration {unknown}
 l - 2 potions of might {unknown}
 p - 3 potions of heal wounds {unknown}
 r - a potion of berserk rage {unknown}
 s - a potion of magic {unknown}
 t - a potion of attraction {unknown}
 u - a potion of enlightenment {unknown}


   Skills:
 - Level 3.6 Fighting
 + Level 10.4 Axes
 - Level 3.3 Dodging


You had 6 spell levels left.
You didn't know any spells.
Your spell library contained the following spells:

 Spells                   Type           Power      Damage    Failure   Level
 Slow                     Hex            0%         N/A       50%         1
 Confusing Touch          Hex            0%         N/A       86%         3
 Inner Flame              Hex/Fire       0%         N/A       86%         3
 Vampiric Draining        Necr           0%         2d6       86%         3
 Yara's Violent Unravell  Hex/Tmut       0%         3d3       100%        5
 Enfeeble                 Hex            0%         N/A       100%        7


Dungeon Overview and Level Annotations

Branches:
Dungeon (6/15)             Temple (1/1) D:4

Altars:
Ashenzari
Cheibriados
Dithmenos
Fedhas
Gozag
Hepliaklqana
Kikubaaqudgha
Makhleb
Nemelex Xobeh
Okawaru
Ru
Sif Muna
Trog
Vehumet
Wu Jian
Xom
Yredelemnul
The Shining One

Annotations:
Temple 2 transporters


Innate Abilities, Weirdness & Mutations

You have a pair of horns on your head.
You reflexively headbutt those who attack you in melee.


Message History

You hit the iguana but do no damage.
The iguana is heavily wounded.
You closely miss the hound. The hound closely misses you.
The iguana misses you. The hound bites you but does no damage.
You barely miss the iguana.
The iguana is heavily wounded.
You barely miss the hound. The iguana closely misses you.
The hound bites you but does no damage.
You hit the iguana but do no damage. Your headbutt misses the iguana.
The iguana is heavily wounded.
You hit the hound. The hound misses you. You furiously retaliate!
You headbutt the hound. The iguana bites you.
The hound bites you but does no damage.
You hit the hound.
The hound is almost dead.
You barely miss the iguana. The iguana closely misses you.
The hound closely misses you.
You hit the hound.
You kill the hound!
Okawaru accepts your kill.
You hit the iguana. The iguana bites you!
You hit the iguana.
You kill the iguana!
Okawaru accepts your kill.
No target in view!
No target in view!
No target in view!
No target in view!
No target in view!
No target in view!
An ogre comes into view. It is wielding a +0 giant club.
An ogre is nearby!
An ogre is nearby!
You see here an iguana corpse.
The ogre hits you with a +0 giant club!!
The ogre attacks as you move away! The ogre hits you with a +0 giant club!
* * * LOW HITPOINT WARNING * * *
You see here an iguana corpse.
The ogre hits you with a +0 giant club!!
You die...

###+###
#......##.#.#####
..##
#......##.#...#
...
######.##.#.###
#.########.##.#.#
#.......##.#....#
#......##.#..###
#......##....#
#..O†..#.).#.#
##.@.###...#.#
#...###...#.#
#.........#.#
######....#.#
#.........####
#............##
#.........##.)#
#.........###.#
#######
#.........# #.##


You could see an ogre.

Vanquished Creatures
  2 phantoms
  A scorpion (D:4)
  2 jellies
  3 hounds (D:5)
  2 orc priests
  2 iguanas (D:5)
  2 orc wizards
  6 adders
  A white imp (D:5)
  An ufetubus (D:5)
  4 worms
  2 dart slugs
  19 orcs
  3 bats (D:2)
  9 endoplasms
  3 giant cockroaches
  5 goblins
  7 hobgoblins
  4 jackals (D:4)
  A quokka (D:2)
  2 ball pythons
  4 frilled lizards
  7 kobolds
  4 rats
96 creatures vanquished.

Notes
Turn   | Place    | Note
-------+----------+-------------------------------------------
     0 | D:1      | lolicon the Minotaur Monk began the quest for the Orb.
     0 | D:1      | Reached XP level 1. HP: 19/19 MP: 0/0
   131 | D:1      | Reached skill level 4 in Axes
   171 | D:1      | Reached XP level 2. HP: 25/26 MP: 1/1
   555 | D:2      | Reached skill level 5 in Axes
   556 | D:2      | Reached XP level 3. HP: 31/31 MP: 2/2
   640 | D:2      | Found a sparkling altar of Nemelex Xobeh.
  1104 | D:3      | Reached skill level 6 in Axes
  1104 | D:3      | Reached XP level 4. HP: 39/39 MP: 3/3
  1546 | D:4      | Reached XP level 5. HP: 31/45 MP: 4/4
  1548 | D:4      | Reached skill level 7 in Axes
  1553 | D:4      | Noticed a phantom
  1569 | D:4      | Killed a phantom
  1570 | D:4      | Reached skill level 8 in Axes
  1661 | D:4      | Reached XP level 6. HP: 42/51 MP: 5/5
  1734 | D:4      | Found a staircase to the Ecumenical Temple.
  1822 | Temple   | Entered the Ecumenical Temple
  1822 | Temple   | Found a transporter.
  1822 | Temple   | Found a transporter.
  1824 | Temple   | Found a transporter.
  1824 | Temple   | Found a transporter.
  1836 | Temple   | Became a worshipper of Warmaster Okawaru
  1836 | Temple   | Reached * piety under Okawaru
  1836 | Temple   | Reached ** piety under Okawaru
  2415 | D:4      | Found a basalt altar of Yredelemnul.
  2424 | D:4      | Found a radiant altar of Vehumet.
  2425 | D:4      | Found a shimmering altar of Xom.
  2425 | D:4      | Found a burning altar of Makhleb.
  2426 | D:4      | Found a sparkling altar of Nemelex Xobeh.
  2427 | D:4      | Found a shimmering blue altar of Sif Muna.
  2429 | D:4      | Found an ornate altar of the Wu Jian Council.
  2430 | D:4      | Found a bloodstained altar of Trog.
  2572 | D:5      | Entered Level 5 of the Dungeon
  2737 | D:5      | Reached skill level 9 in Axes
  3049 | D:5      | Reached XP level 7. HP: 52/57 MP: 6/6
  3210 | D:5      | Reached skill level 10 in Axes
  3348 | D:5      | Slain by an ogre

Illustrated notes

Levels and vault maps discovered:
D:1:      nzn_arrival_settlement, layout_basic
D:2:      layout_rooms, basic_altar
D:3:      layout_loops_cross
D:4:      layout_loops_ring, minitemple, minmay_temple_entry_large_hall
D:5:      layout_basic
D:6:      layout_gridville, elyvilon_altar_3, nicolae_uskayaw_dance_studio,
          mainiacjoe_overflow_alcove_1, roderic_filled_cross
Temple:   hellmonk_temple_divided_pantheon

Skill      XL: |  1  2  3  4  5  6  7 |
---------------+----------------------+-----
Axes           | 4 5 6 8 9 10 | 10.4
Fighting       | |  3.6
Dodging        | |  3.3

Action                     |  1- 3 |  4- 6 |  7- 9 || total
---------------------------+-------+-------+-------++-------
  Melee: Hand axe          |    54 |    97 |       ||   151
         Headbutt          |     8 |    38 |     4 ||    50
         War axe           |       |    18 |    21 ||    39
 Armour: Leather armour    |    16 |    28 |    11 ||    55
  Dodge: Dodged            |    36 |    61 |    16 ||   113

Table legend: (Time is in decaauts)
 A = Elapsed time spent in this place.
 B = Non-inter-level travel time spent in this place.
 C = Inter-level travel time spent in this place.
 D = Time resting spent in this place.
 E = Time spent auto-exploring this place.
 F = Levels seen in this place.
 G = Mean time per level.
                   A        B        C        D        E       F      G
               +--------+--------+--------+--------+--------+-----+--------+
         Total |   3347 |   3106 |    241 |    186 |   2393 |   7 |  478.1 |
       Dungeon |   3291 |   3083 |    208 |    186 |   2393 |   6 |  548.5 |
        Temple |     56 |     23 |     33 |      0 |      0 |   1 |   56.0 |
               +--------+--------+--------+--------+--------+-----+--------+

Top non-repeatable levels by time:
     D:4: 976 daAuts
     D:5: 719 daAuts
     D:3: 647 daAuts
     D:1: 531 daAuts
     D:2: 411 daAuts
  Temple: 56 daAuts
     D:6: 4 daAuts
